Map: Dragon Scales LE

Players

adrian

  • Race: Zerg Zerg
  • League: Silver
  • Spawn Location: 11:00

Hackett - Winner!

  • Race: Zerg Zerg
  • League: Silver
  • Spawn Location: 5:00

VOD

Have the link to the VOD?

Description

Time

  • Played on: June 3, 2023, 7:13 p.m.
  • Length: 5:09
Show
View Real Time Build Order
Export as new Build Order

adrian Zerg 

Build Orders: Pool First 

Get SALT Encoding   

  12  0:00  Drone  
  13  0:10  Drone  
  14  0:18  Extractor  
  13  0:22  Drone  
  14  0:35  Spawning Pool  
  14  0:42  Overlord  
  13  0:49  Extractor  
  12  0:50  Drone  
  12  0:52  Drone  
  14  1:16  Drone  
  15  1:23  Zergling x4  
  17  1:30  Drone  
  18  1:45  Drone  
  19  1:51  Lair  
  19  1:57  Drone  
  20  2:05  Drone  
  21  2:18  Hatchery  
  18  2:38  Zergling x4  
  18  2:39  Zergling x2  
  21  2:48  Hydralisk Den  
  20  2:51  Drone  
  21  3:04  Drone  
  22  3:12  Overlord  
  22  3:29  Queen  
  22  3:30  Hydralisk  
  26  3:36  Drone  
  26  3:38  Queen  
  29  3:44  Grooved Spines  
  29  3:52  Infestation Pit  
  28  3:56  Drone, Lurker Den  
  28  4:00  Drone  
  29  4:04  Drone  
  30  4:15  Drone x2  
  32  4:21  Overlord  
  32  4:28  Hydralisk  
  34  4:32  Drone  
  35  4:39  Drone x2  
Show
View Real Time Build Order
Export as new Build Order

Hackett Zerg - Winner!

Build Orders: Pool First 

Get SALT Encoding   

  12  0:00  Drone  
  13  0:18  Overlord  
  13  0:20  Drone  
  14  0:37  Drone x2  
  16  0:46  Spawning Pool  
  16  0:49  Extractor  
  14  0:51  Drone x2  
  16  1:06  Drone  
  17  1:16  Drone  
  18  1:25  Drone  
  19  1:36  Zergling x2, Roach Warren  
  19  1:38  Queen  
  21  1:45  Zergling x2  
  22  1:56  Overlord  
  22  2:14  Hatchery, Queen  
  23  2:20  Drone x2  
  23  2:35  Zergling x2  
  24  2:41  Roach  
  26  2:51  Roach  
  28  3:06  Roach  
  28  3:11  Overlord x2  
  30  3:28  Roach x3  
  36  3:38  Roach  
  36  3:39  Roach x4  
  48  3:48  Roach  
  48  3:49  Roach  
  50  3:57  Roach  
  50  4:02  Overlord  
  52  4:15  Overlord  
  52  4:19  Overlord  
  52  4:23  Roach x2  
  52  4:24  Roach  
  57  4:38  Roach  
  57  4:39  Roach x2  
Tags
 
Add a new tag
Caveats
  • Supply blocks, unpowered buildings, or Contaminate may cause inaccurate times.
  • Supply counts are checked every 10 seconds.